 Dungeon Crawl Stone Soup version 0.31-a0-435-g2c6fae2916 (webtiles) character file.

Game seed: 4406070489537697286

7095 garrulousMonolith the Thaumaturge (level 11, -2/81 HPs)
             Began as a Gnoll Earth Elementalist on Aug 1, 2023.
             Was a Believer of Ashenzari.
             Slain by a spriggan
             ... wielding a +0 spear
              (7 damage)
             ... in a bailey.
             The game lasted 00:12:54 (9814 turns).

garrulousMonolith the Thaumaturge (GnEE)            Turns: 9814, Time: 00:12:55

Health: -2/81      AC: 16    Str: 11    XL:     11   Next: 9%
Magic:  23/23      EV: 18    Int: 16    God:    Ashenzari [**....]
Gold:   518        SH:  0    Dex: 15    Spells: 9/26 levels left

rFire   + . .        b - +5 scimitar (freeze)
rCold   . . .        (no shield)
rNeg    . . .        D - +4 ring mail {rF+}
rPois   .            v - +0 helmet "Overhang to Understand" {Elem, Dev} (curse)
rElec   .            F - +0 cloak
rCorr   +            z - +2 pair of gloves of Ashenzari's Negligence {Dex+3, Comp, Dev} (curse)
SInv    +            (no boots)
Will    .....        B - amulet of the acrobat
Stlth   +            c - ring of resist corrosion
HPRegen 0.33/turn    e - ring of Cremastomancy {EV+5, Elem, Range} (curse)
MPRegen 0.18/turn

%: acrobat
@: confused, ambrosia-drunk
A: fangs 1, strong nose, distributed training
a: Renounce Religion, Curse Item, Shatter the Chains


You were in a bailey.
You worshipped Ashenzari.
Ashenzari was pleased with you.
You visited 2 branches of the dungeon, and saw 10 of its levels.
You also visited: Bailey.

You collected 567 gold pieces.
You spent 49 gold pieces at shops.

Inventory:

Hand Weapons
 b - a +5 scimitar of freezing (weapon)
 k - a +0 sling
 o - a +1 heavy short sword
Missiles
 m - 14 poisoned darts (quivered)
 p - 12 curare-tipped darts
Armour
 g - +0 steam dragon scales
 u - a +0 leather armour
 v - the cursed +0 helmet "Overhang to Understand" (worn) {Elem, Dev}
   (You found it on level 3 of the Dungeon)

   It has a curse which improves the following skills: Elements: Fire Magic, Ice
   Magic, Air Magic and Earth Magic.
   Devices:   Evocations and Shapeshifting.
 z - the cursed +2 pair of gloves of Ashenzari's Negligence (worn) {Dex+3, Comp, Dev}
   (You found it on level 6 of the Dungeon)

   It has a curse which improves the following skills: Companions: Summonings
   and Necromancy.
   Devices:   Evocations and Shapeshifting.
 D - a +4 ring mail of fire resistance (worn)
 E - the +3 hat of Pondering {ponderous, Will+ MP+10 Int+5}
   (You took it off Gastronok on level 8 of the Dungeon)

   Int:       It affects your intelligence (+5).
   MP:        It affects your magic capacity (+10).
   Will:      It increases your willpower.
 F - a +0 cloak (worn)
Jewellery
 c - a ring of resist corrosion (left hand)
 e - the cursed ring of Cremastomancy (right hand) {EV+5, Elem, Range}
   (You found it on level 6 of the Dungeon)

   [ring of evasion]

   EV:        It affects your evasion (+5).
   It has a curse which improves the following skills: Elements: Fire Magic, Ice
   Magic, Air Magic and Earth Magic.
   Ranged Combat: Ranged Weapons and Throwing.
 l - a ring of fire
 B - an amulet of the acrobat (around neck)
Wands
 a - a wand of mindburst (12)
 r - a wand of charming (4)
Scrolls
 d - 4 scrolls of revelation
 h - 6 scrolls of immolation
 i - a scroll of fog
 q - 3 scrolls of identify
 w - 2 scrolls of enchant armour
 y - 2 scrolls of teleportation
 A - a scroll of enchant weapon
 C - a scroll of blinking
 G - a scroll of poison
Potions
 f - a potion of mutation
 j - a potion of attraction
 n - a potion of lignification
 s - 2 potions of brilliance
 t - 2 potions of cancellation


   Skills:
 + Level 6.1 Fighting
 + Level 6.1 Short Blades
 + Level 6.1 Long Blades
 + Level 6.1 Axes
 + Level 6.1 Maces & Flails
 + Level 6.1 Polearms
 + Level 6.1 Staves
 + Level 6.1(7.2) Ranged Weapons
 + Level 6.1(7.2) Throwing
 + Level 6.1 Armour
 + Level 7.7 Dodging
 + Level 7.4 Stealth
 + Level 6.1 Shields
 + Level 6.1 Unarmed Combat
 + Level 8.0 Spellcasting
 + Level 5.0 Conjurations
 + Level 5.0 Hexes
 + Level 5.0(6.1) Summonings
 + Level 5.0(6.1) Necromancy
 + Level 5.0 Translocations
 + Level 5.5 Transmutations
 + Level 5.0(6.7) Fire Magic
 + Level 5.0(6.7) Ice Magic
 + Level 5.0(6.7) Air Magic
 + Level 7.5(9.3) Earth Magic
 + Level 5.0 Poison Magic
 + Level 6.6 Invocations
 + Level 6.1(7.8) Evocations
 + Level 5.0(6.7) Shapeshifting


You had 9 spell levels left.
You knew the following spells:

 Your Spells              Type           Power      Damage    Failure   Level
a - Sandblast             Erth           72%        2d16      1%          1
b - Stone Arrow           Conj/Erth      58%        3d10      3%          3
c - Passwall              Tmut/Erth      25%        N/A       1%          2
d - Foxfire               Conj/Fire      100%       2x1d9     2%          1
e - Blink                 Tloc           44%        N/A       4%          2
f - Animate Armour        Summ/Erth      62%        N/A       10%         4
g - Passage of Golubria   Tloc           22%        N/A       30%         4

Your spell library contained the following spells:

 Spells                   Type           Power      Damage    Failure   Level
 Call Imp                 Summ           52%        N/A       2%          2
 Cigotuvi's Dreadful Rot  Necr/Pois/Air  50%        N/A       3%          2
 Lesser Beckoning         Tloc           44%        N/A       4%          2
 Momentum Strike          Conj/Tloc      44%        3d9       4%          2
 Inner Flame              Hex/Fire       25%        N/A       6%          3
 Ignite Poison            Fire/Tmut/Pois 24%        N/A       7%          3
 Tukima's Dance           Hex            22%        N/A       9%          3
 Petrify                  Tmut/Erth      30%        N/A       11%         4
 Freezing Cloud           Conj/Ice/Air   13%        6-21      45%         5
 Fireball                 Conj/Fire      12%        3d7       52%         5
 Metabolic Englaciation   Hex/Ice        12%        N/A       52%         5
 Yara's Violent Unravell  Hex/Tmut       11%        3d6       58%         5
 Lehudib's Crystal Spear  Conj/Erth      14%        10d5      100%        8
 Polar Vortex             Ice            13%        12d1*     100%        9


Dungeon Overview and Level Annotations

Branches:
Dungeon (9/15)             Temple (1/1) D:7          Bailey (1/1)
   Lair: D:8-11         Orc: D:9-12

Altars:
Ashenzari
Elyvilon
Fedhas
Gozag
Hepliaklqana
Kikubaaqudgha
Makhleb
Nemelex Xobeh
Okawaru
Qazlal
Ru
Sif Muna
Trog
Uskayaw
Vehumet
Xom
Yredelemnul
Zin
The Shining One

Shops:
D:8 *


Innate Abilities, Weirdness & Mutations

You have very sharp teeth.
Your uncanny sense of smell can sniff out nearby items.
Your experience applies equally to all skills.


Message History

The spriggan misses you. The ogre completely misses you.
The steam dragon closely misses you.
The steam dragon claws you but does no damage.
As you read the scroll of teleportation, it crumbles to dust.
You feel strangely unstable. The spriggan completely misses you.
The ogre misses you. The ogre completely misses you.
The steam dragon barely misses you. The steam dragon misses you.
The spriggan attacks as you move away! The spriggan hits you with a +0 spear.
The spriggan unwields a +0 spear.
The spriggan wields a +6 shortbow of freezing.
It is covered in frost.
The spriggan shoots an arrow.
The arrow hits you!
* * * LOW HITPOINT WARNING * * *
The arrow freezes you.
* * * LOW HITPOINT WARNING * * *
Your surroundings seem slightly different.
The spriggan shoots an arrow.
The arrow hits you!
* * * LOW HITPOINT WARNING * * *
The arrow freezes you.
* * * LOW HITPOINT WARNING * * *
The steam dragon completely misses you. x2
You are confused.
You feel invigorated. The ogre completely misses you.
The spriggan shoots an arrow.
The arrow barely misses you. The steam dragon breathes steam at you.
The ball of steam hits you. You resist.
* * * LOW HITPOINT WARNING * * *
You bump into the stone wall.
The spriggan unwields a +6 shortbow of freezing.
The spriggan wields a +0 spear.
The spriggan hits you with a +0 spear!
* * * LOW HITPOINT WARNING * * *
The steam dragon bites you but does no damage.
The steam dragon closely misses you.
The ogre hits you from afar with a +0 halberd!
* * * LOW HITPOINT WARNING * * *
Okay, then.
You are too confused!
You're too confused to move!
The steam dragon misses you.
The steam dragon claws you but does no damage.
The spriggan hits you with a +0 spear!
You die...

# ##..###♣###..## ##
##.)## ,,..##..## .#
##..♣# ..♣#..##
.###..##, * ..#...#
.~~)..# ,∆∆*♣.♣.).#
.~~~..# , ∆∆♣.#~..#
.~~~..#,,~ ∆♣.)~..#
.~~~..#, *, ∆♣.#~..#
.~~~..#, ,∆∆♣♣@#...#
.###..##..♣#♣♣♣Di#...#
.# ##..##.....OO♣#..##
## ##..##.....♣#..## #
###♣♣## .## , # , * *


You could see a steam dragon, 2 ogres and a spriggan.

Vanquished Creatures
  Gastronok (D:8)
  Joseph (D:8)
  Maggie (D:8)
  Prince Ribbit (D:7)
  A troll (D:8)
  3 spriggans (Bailey)
  2 wyverns
  A steam dragon (D:7)
  A water moccasin (Temple)
  2 orc warriors (D:8)
  Duvessa (D:7)
  A sky beast (D:7)
  2 ice beasts
  A black bear (D:7)
  2 ogres (Bailey)
  4 centaurs
  A phantom (D:7)
  3 bullfrogs
  A gnoll sergeant (D:7)
  3 necrophages (D:7)
  A wyvern zombie (D:7)
  6 scorpions
  11 wights
  Dowan (D:7)
  10 killer bees
  A howler monkey (D:8)
  A gnoll bouda (D:8)
  A human zombie (D:7)
  A bullfrog zombie (D:7)
  3 hounds
  3 jellies
  3 orc priests
  3 iguanas
  6 orc wizards
  2 killer bee zombies (D:7)
  A mummy (D:7)
  A howler monkey zombie (D:7)
  8 gnolls
  10 adders
  A shadow imp (D:6)
  3 white imps
  2 ufetubi
  A worm (D:2)
  2 dart slugs (D:4)
  15 orcs
  2 endoplasms
  3 giant cockroaches
  15 goblins
  6 hobgoblins
  2 jackals (D:4)
  4 quokkas
  5 ball pythons
  2 bats
  A frilled lizard (D:3)
  3 kobolds
  4 rats
177 creatures vanquished.

Notes
Turn   | Place    | Note
-------+----------+-------------------------------------------
     0 | D:1      | garrulousMonolith the Gnoll Earth Elementalist began the
                  | quest for the Orb.
     0 | D:1      | Reached XP level 1. HP: 13/13 MP: 6/6
   170 | D:1      | Reached XP level 2. HP: 19/19 MP: 7/7
   675 | D:2      | Reached skill level 5 in Spellcasting
   675 | D:2      | Reached XP level 3. HP: 25/25 MP: 5/9
   679 | D:2      | Learned a level 3 spell: Stone Arrow
   682 | D:2      | Learned a level 2 spell: Passwall
   819 | D:2      | Reached skill level 1 in Invocations
  1334 | D:3      | Found a broken altar of Ashenzari.
  1338 | D:3      | Got Sokhli's Folio of the Scorching Legion
  1343 | D:3      | Reached skill level 1 in Fighting
  1343 | D:3      | Reached skill level 1 in Short Blades
  1343 | D:3      | Reached skill level 1 in Long Blades
  1343 | D:3      | Reached skill level 1 in Axes
  1343 | D:3      | Reached skill level 1 in Maces & Flails
  1343 | D:3      | Reached skill level 1 in Polearms
  1343 | D:3      | Reached skill level 1 in Staves
  1343 | D:3      | Reached skill level 1 in Ranged Weapons
  1343 | D:3      | Reached skill level 1 in Throwing
  1343 | D:3      | Reached skill level 1 in Armour
  1343 | D:3      | Reached skill level 1 in Shields
  1343 | D:3      | Reached skill level 1 in Unarmed Combat
  1343 | D:3      | Reached skill level 1 in Evocations
  1362 | D:3      | Reached XP level 4. HP: 32/32 MP: 6/11
  1362 | D:3      | Became a worshipper of Ashenzari the Shackled
  1519 | D:3      | Reached skill level 1 in Conjurations
  1519 | D:3      | Reached skill level 1 in Hexes
  1519 | D:3      | Reached skill level 1 in Summonings
  1519 | D:3      | Reached skill level 1 in Necromancy
  1519 | D:3      | Reached skill level 1 in Translocations
  1519 | D:3      | Reached skill level 1 in Fire Magic
  1519 | D:3      | Reached skill level 1 in Ice Magic
  1519 | D:3      | Reached skill level 1 in Air Magic
  1519 | D:3      | Reached skill level 1 in Poison Magic
  1519 | D:3      | Reached skill level 1 in Shapeshifting
  1625 | D:3      | Got the Quarto of the Chilled Sun
  2081 | D:3      | Learned a level 1 spell: Foxfire
  2187 | D:3      | Found a glowing silver altar of Zin.
  2254 | D:4      | Noticed a scorpion
  2258 | D:4      | Killed a scorpion
  2259 | D:4      | Reached XP level 5. HP: 33/37 MP: 7/12
  2317 | D:4      | You fall into a shaft and drop 2 floors!
  2401 | D:5      | Entered Level 5 of the Dungeon
  2476 | D:4      | Reached XP level 6. HP: 26/44 MP: 9/14
  2663 | D:4      | Reached skill level 5 in Dodging
  2826 | D:4      | Found a shimmering altar of Xom.
  2913 | D:4      | Found an iron altar of Okawaru.
  3328 | D:4      | Reached XP level 7. HP: 50/50 MP: 12/15
  4353 | D:5      | Reached skill level 5 in Stealth
  4684 | D:6      | Reached XP level 8. HP: 57/57 MP: 10/16
  4892 | D:6      | Reached skill level 6 in Spellcasting
  5470 | D:6      | Reached * piety under Ashenzari
  5754 | D:7      | Reached XP level 9. HP: 60/65 MP: 14/18
  5988 | D:7      | Found an ancient bone altar of Kikubaaqudgha.
  6040 | D:7      | Noticed Duvessa
  6040 | D:7      | Noticed Dowan
  6045 | D:7      | Killed Duvessa
  6049 | D:7      | Killed Dowan
  6160 | D:7      | Noticed Prince Ribbit
  6165 | D:7      | Found a staircase to the Ecumenical Temple.
  6467 | D:7      | Learned a level 2 spell: Blink
  6472 | D:7      | Learned a level 4 spell: Animate Armour
  6548 | Temple   | Entered the Ecumenical Temple
  6807 | D:7      | Reached skill level 5 in Invocations
  7017 | D:7      | Reached skill level 7 in Spellcasting
  7302 | D:7      | Found a sacrificial altar of Ru.
  7437 | D:7      | Killed Prince Ribbit
  7438 | D:7      | Reached skill level 5 in Fighting
  7438 | D:7      | Reached skill level 5 in Short Blades
  7438 | D:7      | Reached skill level 5 in Long Blades
  7438 | D:7      | Reached skill level 5 in Axes
  7438 | D:7      | Reached skill level 5 in Maces & Flails
  7438 | D:7      | Reached skill level 5 in Polearms
  7438 | D:7      | Reached skill level 5 in Staves
  7438 | D:7      | Reached skill level 5 in Ranged Weapons
  7438 | D:7      | Reached skill level 5 in Throwing
  7438 | D:7      | Reached skill level 5 in Armour
  7438 | D:7      | Reached skill level 5 in Shields
  7438 | D:7      | Reached skill level 5 in Unarmed Combat
  7438 | D:7      | Reached skill level 5 in Evocations
  7438 | D:7      | Reached XP level 10. HP: 57/74 MP: 7/20
  7575 | D:8      | Reached ** piety under Ashenzari
  7654 | D:8      | Learned a level 4 spell: Passage of Golubria
  8345 | D:8      | Noticed Maggie
  8355 | D:8      | Noticed Joseph
  8357 | D:8      | Killed Maggie
  8559 | D:8      | Killed Joseph
  8560 | D:8      | Reached skill level 5 in Transmutations
  8853 | D:8      | Noticed Gastronok
  8863 | D:8      | Killed Gastronok
  9043 | D:8      | Found Koshonk's Neck Hole.
  9051 | D:8      | Bought a +0 cloak for 49 gold pieces
  9391 | D:8      | Found a burning altar of Makhleb.
  9475 | D:9      | Reached XP level 11. HP: 62/81 MP: 10/22
  9547 | D:9      | Found a flagged portal.
  9576 | Bailey   | Entered a bailey
  9687 | Bailey   | Reached skill level 5 in Conjurations
  9687 | Bailey   | Reached skill level 5 in Hexes
  9687 | Bailey   | Reached skill level 5 in Summonings
  9687 | Bailey   | Reached skill level 5 in Necromancy
  9687 | Bailey   | Reached skill level 5 in Translocations
  9687 | Bailey   | Reached skill level 5 in Fire Magic
  9687 | Bailey   | Reached skill level 5 in Ice Magic
  9687 | Bailey   | Reached skill level 5 in Air Magic
  9687 | Bailey   | Reached skill level 5 in Poison Magic
  9687 | Bailey   | Reached skill level 5 in Shapeshifting
  9693 | Bailey   | Noticed a two-headed ogre
  9707 | Bailey   | Reached skill level 8 in Spellcasting
  9795 | Bailey   | Identified the +8 fire dragon scales of Ipoiluit {*Slow
                  | rF++ rC- Will++ MP-9 Str+9}
  9813 | Bailey   | HP: 2/81 [ogre/+0 halberd (7)]
  9814 | Bailey   | Slain by a spriggan

Illustrated notes

Levels and vault maps discovered:
D:1:      lemuel_arrival_hallway, layout_basic
D:2:      layout_basic
D:3:      layout_loops_ring, zin_treasury, amcnicky_altar_gilded, minivault_5,
          nicolae_twisty_statue_hallways
D:4:      layout_loops_corners, mainiacjoe_overflow_alcove_1, okawaru_trees_2,
          minmay_vboxes
D:5:      layout_rooms, hangedman_decor_points
D:6:      layout_gridville
D:7:      layout_rooms, lemuel_mausoleum_altar_kikubaaqudgha,
          mainiacjoe_overflow_alcove_2, minmay_temple_entry_junction, hex_tiny,
          uniq_prince_ribbit1, uniq_duvessa
D:8:      layout_loops_corners, lightli_temple_of_fire, dreamdust_wishing_well,
          kennysheep_pointless_box, serial_park_tiny_pond,
          nicolae_shop_sticking_my_neck_out, uniq_gastronok, uniq_joseph,
          uniq_maggie
D:9:      layout_roguey, chequers_temple_overflow_statue_of_worship,
          dpeg_oklobed_lair, enter_bailey_3
Temple:   minmay_temple_bridge_abc
Bailey:   bailey_polearm_enchanted_keep_hellmonk, bailey

Skill      XL: |  1  2  3  4  5  6  7  8  9 10 11 |
---------------+----------------------------------+-----
Transmutations | 2 3 4 5 |  5.5
Spellcasting   | 5 6 7 8 |  8.0
Invocations    | 1 2 3 4 5 6 |  6.6
Fighting       | 1 2 3 5 6 |  6.1
Short Blades   | 1 2 3 5 6 |  6.1
Long Blades    | 1 2 3 5 6 |  6.1
Axes           | 1 2 3 5 6 |  6.1
Maces & Flails | 1 2 3 5 6 |  6.1
Polearms       | 1 2 3 5 6 |  6.1
Staves         | 1 2 3 5 6 |  6.1
Ranged Weapons | 1 2 3 5 6 |  6.1
Throwing       | 1 2 3 5 6 |  6.1
Armour         | 1 2 3 5 6 |  6.1
Shields        | 1 2 3 5 6 |  6.1
Unarmed Combat | 1 2 3 5 6 |  6.1
Evocations     | 1 2 3 5 6 |  6.1
Conjurations   | 1 2 3 4 5 |  5.0
Hexes          | 1 2 3 4 5 |  5.0
Summonings     | 1 2 3 4 5 |  5.0
Necromancy     | 1 2 3 4 5 |  5.0
Translocations | 1 2 3 4 5 |  5.0
Fire Magic     | 1 2 3 4 5 |  5.0
Ice Magic      | 1 2 3 4 5 |  5.0
Air Magic      | 1 2 3 4 5 |  5.0
Poison Magic   | 1 2 3 4 5 |  5.0
Shapeshifting  | 1 2 3 4 5 |  5.0
Dodging        | 5 6 7 |  7.7
Stealth        | 5 6 7 |  7.4
Earth Magic    | 6 7 |  7.5

Action                     |  1- 3 |  4- 6 |  7- 9 | 10-12 || total
---------------------------+-------+-------+-------+-------++-------
  Melee: Unarmed           |     2 |       |       |       ||     2
         Bite              |     1 |     1 |       |     1 ||     3
         Short sword       |       |     4 |     1 |       ||     5
         Scimitar          |       |       |       |     3 ||     3
   Cast: Sandblast         |    42 |    57 |   159 |    91 ||   349
         Stone Arrow       |       |       |    29 |    49 ||    78
 Invoke: Curse Item        |       |     1 |     1 |     1 ||     3
  Evoke: Wand              |       |       |     1 |       ||     1
    Use: Scroll            |       |       |    12 |     2 ||    14
         Potion            |       |       |     3 |     2 ||     5
 Armour: Robe              |     3 |     1 |       |       ||     4
         Leather armour    |       |     4 |    35 |     4 ||    43
         Ring mail         |       |       |       |    41 ||    41
  Dodge: Dodged            |    10 |    26 |   171 |   138 ||   345

Table legend: (Time is in decaauts)
 A = Elapsed time spent in this place.
 B = Non-inter-level travel time spent in this place.
 C = Inter-level travel time spent in this place.
 D = Time resting spent in this place.
 E = Time spent auto-exploring this place.
 F = Levels seen in this place.
 G = Mean time per level.
                   A        B        C        D        E       F      G
               +--------+--------+--------+--------+--------+-----+--------+
         Total |   9990 |   9745 |    245 |   1860 |   6458 |  11 |  908.2 |
       Dungeon |   9551 |   9306 |    245 |   1587 |   6408 |   9 | 1061.2 |
        Temple |    188 |    188 |      0 |    142 |      0 |   1 |  188.0 |
        Bailey |    250 |    250 |      0 |    131 |     50 |   1 |  250.0 |
               +--------+--------+--------+--------+--------+-----+--------+

Top non-repeatable levels by time:
     D:8: 1936 daAuts
     D:7: 1635 daAuts
     D:6: 1461 daAuts
     D:4: 1370 daAuts
     D:3: 957 daAuts
     D:5: 745 daAuts
     D:2: 713 daAuts
     D:1: 605 daAuts
  Bailey: 250 daAuts
  Temple: 188 daAuts
     D:9: 125 daAuts
